AoeStats
← clau

MegaRandom

507497683Analyzed
4v4 RM · 15d ago on Sep 18, 2026· 55m 3s· 8 players
Game mode
Random Map
Map size
Large (8 player)
Population
200
Speed
Normal
Resources
Standard
Victory
Conquest
Starting age
Dark Age
Ending age
Imperial Age
RankedLock teamsTeams togetherTeam positionsShared explorationLock speedFull tech treeHidden civsTurbo modeCheats
Victory
Defeat
🇨🇱 Lithuanians · Chile
977
+11
🇨🇱 Italians · Chile
944
+38
🇨🇱 Khmer · Chile
756
+20
🇨🇱 Mongols · Chile
755
+21
🇫🇷 Franks · France
895
-18
🇺🇸 Ethiopians · United States
873
-17
🇫🇷 Britons · France
842
-32
🇺🇸 Japanese · United States
834
-15
ComeNgetMe17
4:40 Loom
9:57 Feudal Age
10:23 Double-Bit Axe
13:28 Wheelbarrow
20:23 Castle Age
18:35 Scale Mail Armor
19:42 Horse Collar
20:13 Forging
21:29 Bow Saw
21:25 Heavy Plow
24:18 Fletching
29:11 Town Watch
35:16 Stone Mining
35:19 Gold Mining
49:14 Imperial Age
48:39 Hand Cart
48:52 Royal Heirs
49:18 Elite Shotel Warrior
50:23 Conscription
49:46 Capped Ram
50:19 Arson
51:03 Chain Mail Armor
50:41 Halberdier
51:22 Squires
54:32 Chemistry
53:52 Ballistics
53:43 Masonry
53:40 Siege Engineers
keager241
0:30 Loom
8:36 Loom
11:20 Feudal Age
12:00 Double-Bit Axe
13:42 Wheelbarrow
12:56 Horse Collar
19:09 Castle Age
18:04 Gold Mining
18:04 Stone Mining
19:59 Bow Saw
21:18 Pikeman
24:01 Heavy Plow
aerlavynah
12:15 Feudal Age
19:37 Double-Bit Axe
22:35 Castle Age
20:29 Horse Collar
Socrate78
10:15 Feudal Age
11:36 Wheelbarrow
10:59 Double-Bit Axe
17:36 Castle Age
16:13 Scale Mail Armor
17:12 Forging
18:14 Gold Mining
18:33 Husbandry
19:10 Man-at-Arms
21:00 Scale Barding Armor
25:00 Long Swordsman
25:44 Long Swordsman
28:47 Chain Barding Armor
29:22 Iron Casting
32:53 Imperial Age
31:18 Bow Saw
34:13 #83
35:00 Chain Mail Armor
36:58 Conscription
36:58 Hand Cart
38:00 Conscription
38:15 Husbandry
37:45 Pikeman
39:24 Plate Mail Armor
41:51 Cavalier
44:07 Plate Barding Armor
45:37 Gold Shaft Mining
46:03 Halberdier
49:46 Fletching
Sir Rorros Darle
5:35 Loom
11:10 Feudal Age
12:55 Horse Collar
14:11 Double-Bit Axe
17:49 Stone Mining
18:32 Man-at-Arms
21:20 Castle Age
19:33 Gold Mining
20:10 Fletching
22:34 Padded Archer Armor
23:24 Husbandry
22:45 Light Cavalry
26:04 Crossbowman
26:21 Long Swordsman
38:51 Wheelbarrow
38:02 Town Watch
38:40 Fervor
40:59 Hill Forts
41:42 Bloodlines
41:50 Thumb Ring
43:33 Stone Shaft Mining
43:02 Pikeman
47:06 Imperial Age
45:37 Bow Saw
46:11 Caravan
47:18 Sanctity
48:15 Conscription
47:21 Cavalier
49:11 Forging
49:06 Scale Barding Armor
48:58 Bodkin Arrow
49:18 Leather Archer Armor
49:04 Scale Mail Armor
49:44 Paladin
53:34 Tower Shields
54:10 Hoardings
le succ
11:09 Feudal Age
25:12 Fletching
30:16 Castle Age
45:44 Light Cavalry
51:46 Thumb Ring
54:29 Wheelbarrow
57:15 Imperial Age
clau
12:12 Feudal Age
20:22 Castle Age
21:37 Pikeman
26:32 Horse Collar
26:55 Stone Mining
26:55 Gold Mining
27:06 Arson
29:44 Double-Bit Axe
34:57 Heavy Plow
35:38 Man-at-Arms
42:14 Imperial Age
40:43 Loom
41:50 Town Watch
42:41 Wheelbarrow
42:19 Bow Saw
42:47 Stone Shaft Mining
42:48 Gold Shaft Mining
43:25 Double Crossbow
44:51 Crop Rotation
44:45 Halberdier
47:42 Forging
47:23 Fletching
47:39 Scale Barding Armor
47:35 Padded Archer Armor
47:58 Ballistics
47:34 Murder Holes
48:40 Chemistry
47:21 Elite Ballista Elephant
49:38 Tusk Swords
51:00 Bodkin Arrow
51:26 Chain Barding Armor
51:42 Iron Casting
53:28 Bracer
53:44 Leather Archer Armor
54:05 Plate Barding Armor
Ignacho0
7:55 Loom
10:33 Feudal Age
11:56 Double-Bit Axe
12:28 Bloodlines
19:21 Horse Collar
20:44 Fletching
25:15 Castle Age
24:57 Padded Archer Armor
25:17 Gold Mining
26:21 Bow Saw
26:05 Crossbowman
26:51 Thumb Ring
30:26 Wheelbarrow
29:36 Town Watch
30:10 Husbandry
31:07 Squires
32:33 Forging
32:28 Scale Barding Armor
38:57 Imperial Age
37:01 Hand Cart
36:33 Town Watch
39:38 Heavy Camel Rider
42:48 Chain Barding Armor
43:04 Iron Casting
42:28 Light Cavalry
44:09 Scale Mail Armor
45:17 Drill
45:33 Heavy Plow
48:31 Hussar
50:54 Blast Furnace
49:49 Bodkin Arrow
50:51 Stone Mining
52:11 Leather Archer Armor
52:12 Chain Mail Armor
53:39 Elite Mangudai
Connection lost

Rejoining the realm…

Still unreachable

The connection could not be restored.

Session expired

The server has moved on; the page needs a fresh start.